Unix NetHack Version 5.0.0-0 post-release - last build Jun 10 2026 00:39:30 (3ee93aec679c4c4259841fe613dc97188e26a321,branch:main).

Game began 2026-06-18 00:03:31, ended 2026-06-19 14:49:37.

JPB01, chaotic male elven Wizard

                  -------------
                  |...$.......|
                  ..f%........|
                  |.@.%......x-
                  --+----------

JPB01 the Evoker          St:10 Dx:12 Co:15 In:20 Wi:9 Ch:9  Chaotic
Dlvl:1  $:0  HP:0(11) Pw:9(9) AC:9  Xp:1 T:15 

Latest messages:
 Shall I pick character's race, role, gender and alignment for you? [ynaq] n
 Reroll this character? [yn] (n) n
 [Anhur has chosen you to recover the Amulet of Yendor for Him.]
 Hello JPB01, welcome to NetHack!  You are a chaotic male elven Wizard.
 You are bare handed.  a - a blessed +1 quarterstaff (alternate weapon; not wielded).
 a - a blessed +1 quarterstaff (weapon in hands).  You have no secondary weapon readied.
 There is a staircase up out of the dungeon here.
 You are not wearing an amulet.
 Pick a monster, object or location.
 Move cursor to a monster, object or location:
 You don't have anything to eat.
 What do you want to drink? [fgh or ?*] ?
 Never mind.
 What do you want to read? [ijklm or ?*] ?
 Never mind.
 You stop waiting.
 What do you want to read? [ijklm or ?*] ?
 Never mind.
 Really save? [yn] (n) y
 Saving...
 Restoring save file...
 Hello JPB01, the elven Wizard, welcome back to NetHack!
 What do you want to drink? [fgh or ?*] ?
 Never mind.
 What do you want to read? [ijklm or ?*] ?
 As you read the scroll, it disappears.
 What type of monster do you want to genocide? wizard
 Wiped out all wizards.
 Do you want your possessions identified? [ynq] (y) q

Inventory:
 Weapons  (')')
  a - a blessed +1 quarterstaff (weapon in hands)
 Armor    ('[')
  b - an uncursed +0 cloak of magic resistance (being worn)
 Scrolls  ('?')
  k - a blessed scroll of enchant armor
  i - a blessed scroll of remove curse
 Spellbooks  ('+')
  m - an uncursed spellbook of detect food
  l - a blessed spellbook of force bolt
 Potions  ('!')
  f - an uncursed potion of healing
  g - an uncursed potion of sickness
  h - an uncursed potion of water
 Rings    ('=')
  d - an uncursed ring of conflict
  e - an uncursed +1 ring of increase damage
 Wands    ('/')
  c - a wand of create monster (0:15)
 Tools    ('(')
  p - an uncursed bell
  o - an uncursed blindfold
  n - a magic marker (0:19)

JPB01 the Wizard's attributes:

Background:
 You were an Evoker, a level 1 male elven Wizard.
 You were chaotic, on a mission for Anhur
 who was opposed by Ptah (lawful) and Thoth (neutral).
 You were right-handed.
 You were in the Dungeons of Doom, on level 1.
 You entered the dungeon 15 turns ago.
 You had 0 experience points, 20 were needed to attain level 2.

Basics:
 You had 0 out of 11 hit points.
 You had all 9 energy points (spell power).
 Your armor class was 9.
 Your wallet was empty.
 Autopickup was off.

Final Characteristics:
 Your strength was 10 (limit:18).
 Your dexterity was 12 (limit:18).
 Your constitution was 15 (limit:16).
 Your intelligence was 20 (limit:20).
 Your wisdom was 9 (limit:20).
 Your charisma was 9 (limit:18).

Final Status:
 You weren't hungry.
 You were unencumbered.
 You were wielding a quarterstaff.
 You had basic skill with quarterstaff.

Final Attributes:
 You were nominally aligned.
 You were magic-protected.
 You had infravision.
 You were warded.
 You are dead.

Miscellaneous:
 You disabled loading and storing of bones levels.
 Total elapsed playing time was 55 seconds.

Major events:
 Turn
    1: JPB01 the chaotic male elven Wizard entered the dungeon
   15: performed his first genocide (wizards)
   15: killed by a scroll of genocide

Spells:
 Name                 Level Category     Fail Retention
 force bolt             1   attack         0%  91%-100%
 detect food            2   divination    37%  76%-100%

Skills:
 Fighting Skills
   bare handed combat [Unskilled]
   riding             [Unskilled]
 Weapon Skills
   dagger             [Unskilled]
   knife              [Unskilled]
   axe                [Unskilled]
   short sword        [Unskilled]
   club               [Unskilled]
   mace               [Unskilled]
   quarterstaff       [Basic]
   polearms           [Unskilled]
   spear              [Unskilled]
   trident            [Unskilled]
   sling              [Unskilled]
   dart               [Unskilled]
   shuriken           [Unskilled]
 Spellcasting Skills
   attack spells      [Basic]
   healing spells     [Unskilled]
   divination spells  [Unskilled]
   enchantment spells [Basic]
   clerical spells    [Unskilled]
   escape spells      [Unskilled]
   matter spells      [Unskilled]

Voluntary challenges:
 Your character was rerolled 42 times.
 You went without food.
 You were an atheist.
 You never hit with a wielded weapon.
 You were a pacifist.
 You genocided 1 type of monster.
 You never polymorphed an object.
 You never changed form.
 You used no wishes.

 The Dungeons of Doom:
    Level 1: <- You were here.
       Final resting place for
          you, killed by a scroll of genocide.


No creatures were vanquished.

Genocided species:
 wizards
1 species genocided.

Game over:
                       ----------
                      /          \
                     /    REST    \
                    /      IN      \
                   /     PEACE      \
                  /                  \
                  |      JPB01       |
                  |       0 Au       |
                  |   killed by a    |
                  |    scroll of     |
                  |     genocide     |
                  |                  |
                  |       2026       |
                 *|     *  *  *      | *
        _________)/\\_//(\/(/\)/\//\/|_)_______

Goodbye JPB01 the Wizard...

You were genocided in The Dungeons of Doom on dungeon level 1 with 0 points,
and 0 pieces of gold, after 15 moves.
You were level 1 with a maximum of 11 hit points when you were genocided.

